 Dungeon Crawl Stone Soup version 0.29.0-4-gdea44cf6ec (webtiles) character file.

Game seed: 7446142974940196950

17 qw the Chopper (level 2, 0/17 HPs)
             Began as a Tengu Warper on Aug 28, 2022.
             Slain by Terence
             ... wielding a +0 hand axe
              (4 damage)
             ... on level 2 of the Dungeon.
             The game lasted 00:00:04 (1278 turns).

qw the Chopper (Tengu Warper)                       Turns: 1278, Time: 00:00:05

Health: 0/17       AC:  3    Str: 11    XL:     2   Next: 62%
Magic:  6/6        EV: 11    Int: 13    God:
Gold:   54         SH:  0    Dex: 13    Spells: 5/5 levels left

rFire   + . .      SeeInvis .   Y - +0 hand axe
rCold   . . .      Faith    .   (no shield)
rNeg    . . .      Spirit   .   f - +0 leather armour {rF+}
rPois   .          Reflect  .   (helmet restricted)
rElec   .          Harm     .   (no cloak)
rCorr   .          Rampage  .   (no gloves)
Will    .....                   (boots unavailable)
Stlth   +.........              (no amulet)
HPRegen 0.05/turn               (no ring)
MPRegen 0.10/turn               (no ring)

@: no status effects
A: beak, talons 3
a: no special abilities


You were on level 2 of the Dungeon.
You visited 1 branch of the dungeon, and saw 2 of its levels.

You collected 54 gold pieces.


Innate Abilities, Weirdness & Mutations

You have a beak for a mouth.
You have claws for feet.


   Skills:
 - Level 2.0 Fighting
 + Level 3.4 Axes
 - Level 1.0 Throwing
 - Level 1.1 Armour
 - Level 2.1 Dodging
 - Level 2.0 Spellcasting
 - Level 2.4 Translocations


You had 5 spell levels left.
You didn't know any spells.
Your spell library contained the following spells:

 Spells                   Type           Power      Damage    Failure   Level
 Blink                    Tloc           14%        N/A       19%         2
 Gell's Gravitas          Tloc           7%         N/A       36%         3
 Lesser Beckoning         Tloc           7%         N/A       36%         3
 Teleport Other           Tloc           7%         N/A       36%         3
 Manifold Assault         Tloc           7%         N/A       98%         5

Inventory:

Hand Weapons
 d - a +0 whip
 Y - a +0 hand axe (weapon)
Armour
 f - a +0 leather armour of fire resistance (worn)
Potions
 e - a potion of curing {unknown}

Dungeon Overview and Level Annotations

Branches:
Dungeon (2/15)

Altars:

Annotations:
D:2 Terence


Message History

The frilled lizard barely misses you.
The endoplasm quivers.
You slash the frilled lizard!
You kill the frilled lizard!
You completely miss the endoplasm. You peck the endoplasm.
The endoplasm is heavily wounded.
The endoplasm hits you but does no damage.
You hit the endoplasm.
You kill the endoplasm!
There is an open door here.
You see here a frilled lizard corpse.
A rat comes into view.
Enter note: You hit the rat.
You kill the rat!
Found a dagger.
Found a sling.
Found 3 stones and a sling.
Terence the Incautious comes into view.
He is wielding a +0 hand axe and carrying a wand of flame (13).
1171 ||| Stepping ~*~*~tactically~*~*~ (hiding).
You start waiting.
Done waiting.
Terence shouts!
1273 ||| Stepping ~*~*~tactically~*~*~ (hiding).
A rat comes into view.
Terence zaps a wand.
The puff of flame hits you. You resist.
The rat moves out of view.
Found a stone staircase leading down.
You completely miss Terence. You claw Terence.
Terence is lightly wounded.
Terence closely misses you.
You hit Terence. You claw Terence, but do no damage. Your peck misses Terence.
Terence is moderately wounded.
Terence hits you with a +0 hand axe! Terence hits you with a +0 hand axe.
You closely miss Terence.
Terence is moderately wounded.
You hit the rat.
You kill the rat!
Terence hits you with a +0 hand axe.
You die...

# #.# ##...## # #.####
##.....## # #.##.###
##.......##
####.#....###........$#
............+....)....+
.###.#....###.........#
.# #.........#.......##
.#
#.........##....)####
.#
#.........###@....(..
.# ####...####
#@%#####. .# #...# #..#
.. .....# #..# ###....
>..) #..# ..... .....
#.....#


You could see Terence.

Vanquished Creatures
  2 ball pythons (D:1)
  A bat (D:1)
  2 endoplasms
  2 giant cockroaches
  2 goblins (D:1)
  2 hobgoblins (D:1)
  A frilled lizard (D:2)
  A kobold (D:1)
  2 rats (D:2)
15 creatures vanquished.

Notes
Turn   | Place    | Note
-------+----------+-------------------------------------------
     0 | D:1      | qw the Tengu Warper began the quest for the Orb.
     0 | D:1      | Reached XP level 1. HP: 12/12 MP: 4/4
     0 | D:1      | 0 ||| qw: Version: 0.1-a-89-g26bdef1
     0 | D:1      | 0 ||| qw: Game counter: 2255
     0 | D:1      | 0 ||| qw: Always use a shield: true
     0 | D:1      | 0 ||| qw: God list: Okawaru
     0 | D:1      | 0 ||| qw: Allow faded altars: false
     0 | D:1      | 0 ||| qw: Do Orc after D:15 true
     0 | D:1      | 0 ||| qw: Do second Lair branch before Depths: true
     0 | D:1      | 0 ||| qw: Lair rune preference: random
     0 | D:1      | 0 ||| qw: Plans: Normal
     0 | D:1      | 0 ||| PLANNING D:1-11
   315 | D:1      | Reached skill level 3 in Axes
   315 | D:1      | Reached XP level 2. HP: 12/17 MP: 6/6
   730 | D:1      | 730 ||| Stepping ~*~*~tactically~*~*~ (stealth).
  1025 | D:1      | 1025 ||| UPGRADING to +0 leather armour of fire resistance.
  1035 | D:1      | 1035 ||| DROPPING +0 leather armour.
  1036 | D:1      | 1036 ||| DROPPING ring of wizardry.
  1037 | D:1      | 1037 ||| READING scroll labelled IDEMIA YRAKHLA.
  1038 | D:1      | 1038 ||| DROPPING scroll of blinking.
  1079 | D:2      | 1079 ||| Stepping ~*~*~tactically~*~*~ (stealth).
  1170 | D:2      | Noticed Terence
  1171 | D:2      | 1171 ||| Stepping ~*~*~tactically~*~*~ (hiding).
  1273 | D:2      | 1273 ||| Stepping ~*~*~tactically~*~*~ (hiding).
  1277 | D:2      | HP: 4/17 [Terence/+0 hand axe (2)]
  1278 | D:2      | Slain by Terence

Levels and vault maps discovered:
D:1:      lemuel_arrival_broad_hall, layout_basic
D:2:      layout_loops_corners, shapermc_ecumenical_altar_petra, uniq_terence

Skill      XL: |  1 |
---------------+----+-----
Axes           | 3 |  3.4
Fighting       | |  2.0
Throwing       | |  1.0
Armour         | |  1.1
Dodging        | |  2.1
Spellcasting   | |  2.0
Translocations | |  2.4

Action                   || total
-------------------------++-------
Melee: Hand axe          ||    30
       Peck              ||     6
       Kick              ||     7
Throw: Boomerang         ||     7
  Use: Scroll            ||     1
Armor: Leather armour    ||     8
Dodge: Dodged            ||    10

Table legend:
 A = Non-vault XP
 B = Vault XP
 C = Vault XP percentage of total XP
 D = Non-vault monster count
 E = Vault monster count
 F = Vault count percentage of total count
                 A         B        C        D         E       F
            +---------+---------+-------+---------+---------+-------
      Total |      26 |       0 |   0.0 |      15 |       0 |   0.0
            +---------+---------+-------+---------+---------+-------
        D:1 |      19 |       0 |   0.0 |      10 |       0 |   0.0
        D:2 |       7 |       0 |   0.0 |       5 |       0 |   0.0
            +---------+---------+-------+---------+---------+-------
